 Dungeon Crawl Stone Soup version 0.19.1-1-g22dce08 (webtiles) character file.

80 Jynx the Grave Robber (level 4, 0/30 HPs)
             Began as a Vampire Necromancer on Jan 15, 2017.
             Succumbed to Lahna's ghost's poison
             ... on level 3 of the Dungeon.
             The game lasted 00:04:06 (2048 turns).

Jynx the Grave Robber (Vampire Necromancer)         Turns: 2048, Time: 00:04:07

Health: 0/30       AC:  4    Str:  7    XL:     4   Next: 18%
Magic:  0/8        EV: 12    Int: 18    God:
Gold:   116        SH:  0    Dex: 14    Spells: 3 memorised, 1 level left

rFire  . . .     SeeInvis +     g - +0 short sword
rCold  . . .     Gourm    .     a - +0 robe
rNeg   + . .     Faith    .     (no shield)
rPois  .         Spirit   .     (no helmet)
rElec  .         Reflect  .     l - +0 cloak
rCorr  .         Harm     +     n - +0 pair of gloves
MR     .....                    (no boots)
Stlth  ++........               e - amulet of harm
                                (no ring)
                                (no ring)

@: lethally poisoned (0 -> -27)
A: fangs 3, see invisible, unbreathing
a: Bat Form


You were on level 3 of the Dungeon.
You were not thirsty.

You visited 1 branch of the dungeon, and saw 4 of its levels.

You collected 116 gold pieces.

Inventory:

Hand Weapons
 g - a +0 short sword (weapon)
Armour
 a - a +0 robe (worn)
 l - a +0 cloak (worn)
 n - a +0 pair of gloves (worn)
Jewellery
 e - an amulet of harm (around neck)
Wands
 p - a wand of paralysis (10/24)
Scrolls
 d - a scroll of noise {unknown}
 h - a scroll of enchant weapon {unknown}
 i - a scroll of remove curse {unknown}
 j - 2 scrolls of identify {unknown}
 m - a scroll of amnesia {unknown}
Potions
 c - 2 potions of blood
 f - a potion of invisibility {unknown}
 k - 2 potions of might {unknown}
 o - a potion of flight {unknown}
Books
 b - a book of Necromancy

   Spells                             Type                      Level
   a - Pain                           Necromancy                   1
   b - Animate Skeleton               Necromancy                   1
   c - Vampiric Draining              Necromancy                   3
   d - Regeneration                   Charms/Necromancy            3
   e - Animate Dead                   Necromancy                   4
   f - Control Undead                 Necromancy                   4


   Skills:
 + Level 1.0 Short Blades
 - Level 2.1 Dodging
 - Level 3.0 Stealth
 + Level 3.0 Spellcasting
 * Level 5.4 Necromancy


You had one spell level left.
You knew the following spells:

 Your Spells              Type           Power        Failure   Level  Hunger
a - Pain                  Necr           ###.         1%          1    None
b - Vampiric Draining     Necr           ###.......   6%          3    ###....
c - Control Undead        Necr           ###.......   21%         4    ####...


Dungeon Overview and Level Annotations

Branches:
Dungeon (4/15)
 Temple: D:4-7

Altars:
Ashenzari
Fedhas
Nemelex Xobeh
Qazlal

Annotations:
D:2 exclusion: oklob plant
D:4 Lahna's ghost, novice HaFi


Innate Abilities, Weirdness & Mutations

You have razor-sharp teeth.
You have supernaturally acute eyesight. (SInv)
You can survive without breathing.


Message History

Lahna's ghost is lightly damaged.
You feel sick. Lahna's ghost hits you.
Casting: Pain
Confirm with . or Enter, or press ? or * to list all spells.
Lahna's ghost easily resists.
You feel sick. Lahna's ghost hits you!
* * * LOW HITPOINT WARNING * * *
You are more poisoned.
Unknown command.
Casting: Control Undead
Confirm with . or Enter, or press ? or * to list all spells.
Lahna's ghost submits to your will.
* * * LOW HITPOINT WARNING * * *
You feel very sick.
* * * LOW HITPOINT WARNING * * *
You feel sick.
There is a stone staircase leading up here.
* * * LOW HITPOINT WARNING * * *
You feel sick.
You climb upwards.
Your mindless thrall stays behind.
You die...

### #..
#.# #.#
#.####
#....#
#.<..####
#@.......
#.#######
#.# #.#
#.# #.#
#.# #+#


There were no monsters in sight!

Vanquished Creatures
  A worker ant (D:4)
  A hound skeleton (D:4)
  An adder (D:2)
  An orc (D:4)
  5 goblins
  2 hobgoblins
  3 jackals (D:1)
  4 kobolds
  6 bats
  3 frilled lizards
  6 rats
33 creatures vanquished.

Vanquished Creatures (others)
  11 toadstools (D:2)
11 creatures vanquished.

Grand Total: 44 creatures vanquished

Notes
Turn   | Place    | Note
-------+----------+-------------------------------------------
     0 | D:1      | Jynx the Vampire Necromancer began the quest for the Orb.
     0 | D:1      | Reached XP level 1. HP: 13/13 MP: 3/3
   395 | D:1      | Reached XP level 2. HP: 17/19 MP: 0/5
  1216 | D:1      | You fall through a shaft!
  1216 | D:2      | Found a stormy altar of Qazlal.
  1222 | D:2      | Reached skill level 5 in Necromancy
  1337 | D:2      | Reached XP level 3. HP: 23/24 MP: 3/6
  1657 | D:2      | Found a sparkling altar of Nemelex Xobeh.
  1657 | D:2      | Found a shattered altar of Ashenzari.
  1668 | D:2      | Found a blossoming altar of Fedhas.
  1694 | D:2      | Noticed an oklob plant
  1697 | D:2      | You fall through a shaft for 2 floors!
  1868 | D:4      | Reached XP level 4. HP: 30/30 MP: 6/8
  1891 | D:4      | Learned a level 3 spell: Vampiric Draining
  1902 | D:4      | Learned a level 4 spell: Control Undead
  1954 | D:4      | Reached skill level 1 in Short Blades
  2031 | D:4      | Noticed Lahna's ghost (novice HaFi)
  2048 | D:3      | Succumbed to Lahna's ghost's poison

Skill      XL: |  1  2  3  4 |
---------------+-------------+-----
Necromancy     | 5 |  5.4
Short Blades   | 1 |  1.0
Spellcasting   | 3 |  3.0
Dodging        | |  2.1
Stealth        | |  3.0

Action                   |  1- 3 |  4- 6 || total
-------------------------+-------+-------++-------
Melee: Short sword       |    12 |    12 ||    24
 Cast: Pain              |    51 |     1 ||    52
       Control Undead    |       |     2 ||     2
  Eat: Corpse            |     4 |     1 ||     5
Armor: Robe              |     4 |     1 ||     5
Dodge: Dodged            |     5 |     8 ||    13
